 Dungeon Crawl Stone Soup version 0.27-a0-1501-g9d6fb14e67 (webtiles) character file.

Game seed: 218815537339036990

2954 PentaManta the Transmogrifier (level 9, -1/59 HPs)
             Began as a Merfolk Transmuter on July 8, 2021.
             Was a Believer of Uskayaw.
             Killed by divine providence
             ... invoked by an orc priest
              (9 damage)
             ... on level 8 of the Dungeon.
             The game lasted 00:23:00 (9172 turns).

PentaManta the Transmogrifier (Merfolk Transmuter)  Turns: 9172, Time: 00:23:01

Health: -1/59      AC:  6    Str: 11    XL:     9   Next: 81%
Magic:  16/18      EV: 27    Int: 16    God:    Uskayaw [**....]
Gold:   307        SH:  5    Dex: 22    Spells: 11/20 levels left

rFire    . . .     SeeInvis .     - Unarmed
rCold    . . .     Faith    .   (shield currently unavailable)
rNeg     . . .     Spirit   .   (armour currently unavailable)
rPois    x         Reflect  +   (helmet currently unavailable)
rElec    .         Harm     .   (cloak currently unavailable)
rCorr    .         Rampage  .   (gloves currently unavailable)
Will     .....                  (boots currently unavailable)
Stlth    ++........             c - amulet of reflection
HPRegen  0.19/turn              b - ring "Tasoced" {AC+4 Int+4}
MPRegen  0.16/turn              (no ring)

@: spider-form
A: venomous fangs, tiny, (nimble swimmer 2), (mertail)
a: End Transformation, Renounce Religion, Stomp, Line Pass


You were on level 8 of the Dungeon.
You worshipped Uskayaw.
Uskayaw was noncommittal.
You were a venomous arachnid creature.
You visited 2 branches of the dungeon, and saw 9 of its levels.

You collected 307 gold pieces.

Inventory:

Hand Weapons
 i - a +2 dagger of venom
Missiles
 u - 42 poisoned darts
 y - a curare-tipped dart
Armour
 a - a +0 buckler
 f - a +0 helmet (melded)
 k - a +3 leather armour of fire resistance (melded)
 v - a +0 cloak (melded)
 w - a +2 robe of positive energy
Jewellery
 b - the ring "Tasoced" (left front leg) {AC+4 Int+4}
   (You acquired it on level 7 of the Dungeon)

   [ring of protection]

   AC:        It affects your AC (+4).
   Int:       It affects your intelligence (+4).
 c - an amulet of reflection (around neck)
Wands
 d - a wand of polymorph (3)
 g - a wand of iceblast (6)
 r - a wand of charming (8)
 s - a wand of paralysis (7)
Scrolls
 o - 2 scrolls of fear
Potions
 e - a potion of ambrosia
 h - a potion of curing
 j - a potion of heal wounds
 l - 2 potions of attraction
 n - a potion of haste
 p - 4 potions of lignification
 t - a potion of magic
 z - 2 potions of mutation


   Skills:
 - Level 1.1 Fighting
 + Level 7.9 Dodging
 - Level 6.1 Unarmed Combat
 * Level 6.1 Spellcasting
 * Level 8.7 Transmutations
 * Level 5.3 Ice Magic
 - Level 4.0 Poison Magic


You had 11 spell levels left.
You knew the following spells:

 Your Spells              Type           Power      Damage    Failure   Level
b - Wereblood             Tmut           32%        N/A       3%          2
c - Spider Form           Tmut/Pois      12%        N/A       11%         3
d - Ice Form              Ice/Tmut       27%        N/A       21%         4

Your spell library contained the following spells:

 Spells                   Type           Power      Damage    Failure   Level
 Beastly Appendage        Tmut           64%        N/A       3%          1
 Ignite Poison            Fire/Tmut/Pois 18%        N/A       19%         3
 Foxfire                  Conj/Fire      16%        2x1d4     32%         1
 Magic Dart               Conj           16%        1d3       32%         1
 Call Imp                 Summ           4%         N/A       41%         2
 Static Discharge         Conj/Air       4%         N/A       41%         2
 Mephitic Cloud           Conj/Pois/Air  9%         N/A       45%         3
 Conjure Flame            Conj/Fire      4%         6-21      61%         3
 Gell's Gravitas          Tloc           2%         N/A       61%         3
 Inner Flame              Hex/Fire       4%         N/A       61%         3
 Teleport Other           Tloc           4%         N/A       61%         3
 Dispel Undead            Necr           4%         3d7       92%         4
 Sticky Flame             Conj/Fire      4%         2d3       92%         4
 Bolt of Magma            Conj/Fire/Erth 2%         4d4       99%         5
 Dispersal                Tloc           2%         N/A       100%        6


Dungeon Overview and Level Annotations

Branches:
Dungeon (8/15)             Temple (1/1) D:6
   Lair: D:8-11

Altars:
Ashenzari
Cheibriados
Dithmenos
Elyvilon
Fedhas
Gozag
Hepliaklqana
Kikubaaqudgha
Makhleb
Nemelex Xobeh
Okawaru
Qazlal
Ru
Sif Muna
Trog
Uskayaw
Vehumet
Wu Jian
Xom
Yredelemnul
Zin
The Shining One


Innate Abilities, Weirdness & Mutations

You are a venomous arachnid creature.
You have poisonous fangs.
You are tiny and dextrous.
Your spellcasting is less reliable in this form.
Your armour is entirely melded.
You are incapable of wielding weapons or throwing items.
((You are quick and stealthy near water. (Stealth+, EV+, Speed+++)))
((Your lower body shifts to a powerful aquatic tail in water.))


Message History

The bullfrog completely misses you. The bullfrog barely misses you.
You hit the bullfrog.
The bullfrog is moderately wounded.
The bullfrog misses you.
The orc priest calls down the wrath of Beogh upon you.
Beogh smites you!
You hear a shout!
You hit the bullfrog.
The bullfrog is poisoned.
The bullfrog is moderately wounded.
You block the bullfrog's attack.
You hit the bullfrog.
The bullfrog looks as sick as possible!
The bullfrog is heavily wounded.
You block the bullfrog's attack. The bullfrog completely misses you.
You bite the bullfrog!
The bullfrog looks as sick as possible!
The bullfrog is almost dead.
You kill the bullfrog!
The yak gores you!
* * * LOW HITPOINT WARNING * * *
You can now pass through a line of other dancers.
You hit the orc priest.
The orc priest is poisoned.
The orc priest is heavily wounded.
An orc comes into view. It is wielding a +0 hand axe.
The yak completely misses you.
The orc priest mumbles some strange prayers to Beogh against you.
Pain shoots through your body!
* * * LOW HITPOINT WARNING * * *
You hit the orc priest but do no damage.
The orc priest looks as sick as possible!
The orc priest is severely wounded.
A yak comes into view.
The yak gores you.
* * * LOW HITPOINT WARNING * * *
The orc priest completely misses you.
A yak comes into view.
You hit the orc priest.
The orc priest is almost dead.
The yak misses you.
The orc priest calls down the wrath of Beogh upon you.
Beogh smites you!
You die...

.. . . ... . Y# ....
.####.# ..###...o.#
.........# #.#....Y..#
...# #.#.YYo.# ...#
###.#..sY.# ...#
#......##.# ...#
.#......##.#.# ...#
........##.#.#
...######.......##.#.#
........#.......##.#.#
........#.##.##......#
........#..#.#<......#
........##.#.#.......#


You could see 5 yaks, an orc priest (extremely poisoned) and an orc.

Vanquished Creatures
  Pikel (D:6)
  Grinder (D:3)
  Edmund (D:4)
  Duvessa (D:6)
  2 water moccasins (D:7)
  A black bear (D:4)
  3 lemures (D:6)
  3 phantoms
  A kobold brigand (D:7)
  Blork the orc (D:6)
  5 bullfrogs
  A scorpion (D:4)
  Dowan (D:6)
  4 killer bees (D:8)
  3 water moccasin skeletons
  2 bullfrog zombies (D:6)
  2 howler monkeys
  2 centaur skeletons
  A hound (D:7)
  3 jellies
  2 bullfrog skeletons
  3 iguanas
  A killer bee zombie (D:4)
  A hound zombie (D:5)
  2 hound skeletons (D:4)
  Robin (D:3)
  6 adders
  An ufetubus (D:5)
  A worm (D:3)
  3 dart slugs
  6 orcs (D:3)
  8 ball pythons
  15 endoplasms
  7 giant cockroaches (D:4)
  7 hobgoblins
  3 jackals (D:4)
  A quokka (D:4)
  3 bats
  14 goblins
  14 kobolds
  9 rats
147 creatures vanquished.

Vanquished Creatures (others)
  2 fungi (D:2)
  2 plants (D:2)
4 creatures vanquished.

Grand Total: 151 creatures vanquished

Notes
Turn   | Place    | Note
-------+----------+-------------------------------------------
     0 | D:1      | PentaManta the Merfolk Transmuter began the quest for the
                  | Orb.
     0 | D:1      | Reached XP level 1. HP: 15/15 MP: 3/3
   370 | D:1      | Reached XP level 2. HP: 20/21 MP: 1/5
  1246 | D:2      | Reached XP level 3. HP: 21/26 MP: 4/6
  1249 | D:2      | Learned a level 2 spell: Wereblood
  1253 | D:2      | Learned a level 3 spell: Spider Form
  1472 | D:2      | Found a faded altar of an unknown god.
  2582 | D:3      | Noticed Grinder
  2599 | D:3      | Paralysed by Grinder for 2 turns
  2622 | D:3      | Killed Grinder
  2623 | D:3      | Reached skill level 5 in Unarmed Combat
  2623 | D:3      | Reached XP level 4. HP: 12/32 MP: 5/7
  2623 | D:3      | Reached XP level 5. HP: 14/37 MP: 5/8
  2623 | D:3      | Reached XP level 6. HP: 16/43 MP: 5/9
  2878 | D:3      | Noticed Robin
  2903 | D:3      | Killed Robin
  3012 | D:3      | Reached skill level 3 in Transmutations
  3390 | D:4      | Noticed a black bear
  3397 | D:4      | Killed a black bear
  3398 | D:4      | Reached skill level 1 in Poison Magic
  3449 | D:4      | Reached XP level 7. HP: 27/48 MP: 6/11
  3732 | D:4      | Noticed Edmund
  3981 | D:4      | Killed Edmund
  3982 | D:4      | Reached skill level 4 in Transmutations
  5046 | D:5      | Entered Level 5 of the Dungeon
  5057 | D:5      | Reached skill level 5 in Transmutations
  5225 | D:5      | Reached XP level 8. HP: 51/54 MP: 11/13
  5732 | D:5      | Learned a level 4 spell: Ice Form
  6107 | D:6      | Reached skill level 6 in Transmutations
  6107 | D:6      | Reached skill level 1 in Ice Magic
  6401 | D:6      | Noticed Pikel
  6405 | D:6      | Noticed Blork the orc
  6417 | D:6      | Killed Pikel
  6418 | D:6      | Reached skill level 5 in Spellcasting
  6418 | D:6      | Reached skill level 7 in Transmutations
  6418 | D:6      | Reached XP level 9. HP: 41/59 MP: 11/16
  6427 | D:6      | Killed Blork the orc
  6626 | D:6      | Found a staircase to the Ecumenical Temple.
  6632 | Temple   | Entered the Ecumenical Temple
  7142 | Temple   | Became a worshipper of Uskayaw the Reveller
  7176 | D:6      | Reached * piety under Uskayaw
  7292 | D:6      | Noticed Dowan
  7293 | D:6      | Noticed Duvessa
  7305 | D:6      | Killed Duvessa
  7444 | D:6      | Killed Dowan
  7493 | D:6      | Reached ** piety under Uskayaw
  7511 | D:6      | Identified the +7 hand axe of Wounding {vorpal, Str+4
                  | Stlth+}
  7763 | D:7      | Reached *** piety under Uskayaw
  8018 | D:7      | Reached skill level 8 in Transmutations
  8412 | D:7      | Found a burning altar of Makhleb.
  8930 | D:7      | Identified a scroll of acquirement
  8930 | D:7      | Acquired the ring "Tasoced" {AC+4 Int+4}
  8963 | D:8      | Reached skill level 5 in Ice Magic
  9040 | D:8      | Reached **** piety under Uskayaw
  9044 | D:8      | Reached ***** piety under Uskayaw
  9172 | D:8      | Killed from afar by an orc priest

Illustrated notes

Levels and vault maps discovered:
D:1:      scummos_arrival_gate, layout_loops_ring
D:2:      layout_loops_corners, dreamdust_ecumenical_altar_grove,
          grunt_ministairs_14
D:3:      layout_rooms, uniq_robin, uniq_grinder
D:4:      minmay_chambers_of_fours, layout_loops_ring, portal_sewer_entry_e,
          minmay_splitting_lines, uniq_edmund
D:5:      layout_rooms
D:6:      layout_rooms, minmay_temple_entry_mini_moons, uniq_duvessa,
          uniq_pikel, uniq_blork_the_orc
D:7:      layout_basic, bloody_makhleb, nrook_campfire
D:8:      layout_basic, gammafunk_ghost_ooze, uniq_psyche
Temple:   nicolae_temple_the_god_donut

Skill      XL: |  1  2  3  4  5  6  7  8  9 |
---------------+----------------------------+-----
Dodging        | 3 6 7 |  7.9
Unarmed Combat | 4 5 6 |  6.1
Transmutations | 3 5 7 8 |  8.7
Poison Magic   | 1 3 4 |  4.0
Spellcasting   | 3 5 6 |  6.1
Ice Magic      | 3 5 |  5.3
Fighting       | |  1.1

Action                   |  1- 3 |  4- 6 |  7- 9 || total
-------------------------+-------+-------+-------++-------
Melee: Unarmed           |   118 |    84 |   414 ||   616
       Headbutt          |    11 |     7 |    35 ||    53
       Punch             |       |       |     7 ||     7
       Dagger            |       |       |     5 ||     5
 Cast: Beastly Appendage |    15 |     9 |    30 ||    54
       Wereblood         |       |     2 |     1 ||     3
       Spider Form       |       |     1 |    21 ||    22
       Ice Form          |       |       |     1 ||     1
  Use: Scroll            |     3 |       |    12 ||    15
       Potion            |       |       |     3 ||     3
 Stab: Sleeping          |     2 |       |       ||     2
       Paralysed         |       |       |     4 ||     4
Armor: Robe              |    15 |    12 |    14 ||    41
       Leather armour    |       |       |    41 ||    41
       Skin              |       |       |    10 ||    10
Dodge: Dodged            |    62 |    51 |   290 ||   403
Block: Other             |     3 |    18 |    92 ||   113
       Reflection        |       |       |     1 ||     1

Table legend: (Time is in decaauts)
 A = Elapsed time spent in this place.
 B = Non-inter-level travel time spent in this place.
 C = Inter-level travel time spent in this place.
 D = Time resting spent in this place.
 E = Time spent auto-exploring this place.
 F = Levels seen in this place.
 G = Mean time per level.
                   A        B        C        D        E       F      G
               +--------+--------+--------+--------+--------+-----+--------+
         Total |   8969 |   8821 |    148 |   1160 |   6128 |   9 |  996.6 |
       Dungeon |   8572 |   8424 |    148 |   1160 |   5853 |   8 | 1071.5 |
        Temple |    397 |    397 |      0 |      0 |    275 |   1 |  397.0 |
               +--------+--------+--------+--------+--------+-----+--------+

Top non-repeatable levels by time:
     D:7: 1331 daAuts
     D:4: 1329 daAuts
     D:2: 1309 daAuts
     D:1: 1213 daAuts
     D:3: 1162 daAuts
     D:5: 1087 daAuts
     D:6: 905 daAuts
  Temple: 397 daAuts
     D:8: 233 daAuts
